General information
- name: BNet
- type: Ladder 1vs1/FFA
- host: Battle.net
- saver: BEAR_AND
map: TurtleRock
- players: 2
- length: 15:22
- speed: Fast
- version: 1.27 W3XP
- replay type:

» download(53 KB)
Players
team 1 (loser)
chris-topher (
green | 37 APM | 575 actions | 15:20)
2 Archmage
1 Summon Water Elemental
1 Brilliance Aura
2 Paladin
1 Holy Light
1 Divine Shield
2 Mountain King
1 Storm Bolt
1 Bash
» actions
| Basic commands | 1 | |
| Build / train | 64 | |
| Enter build submenu | 21 | |
| Enter hero's abilities submenu | 6 | |
| Give item / drop item | 18 | |
| Right click | 166 | |
| Select / deselect | 236 | |
| Use ability | 62 | |
575 total
» units
» upgrades
| Masonry | 1 | |
| Lumber Harvesting | 2 | |
| Flare | 1 | |
| Fragmentation Shards | 1 | |
| Long Rifles | 1 | |
| Animal War Training | 1 | |
| Storm Hammers | 1 | |
| Cloud | 2 | |
| Swords | 1 | |
| Gunpowder | 1 | |
12 total
» buildings
| Altar of Kings | 1 | |
| Farm | 7 | |
| Lumber Mill | 1 | |
| Scout Tower | 3 | |
| Keep | 1 | |
| Guard Tower | 2 | |
| Arcane Vault | 1 | |
| Castle | 1 | |
| Blacksmith | 2 | |
| Workshop | 1 | |
| Barracks | 2 | |
| Gryphon Aviary | 1 | |
| Town Hall | 2 | |
25 total
» build order
00:10 Altar of Kings
00:17 Farm
00:26 Lumber Mill
00:55 Scout Tower
02:07 Keep
02:16 Guard Tower
02:30 Scout Tower
02:35 Farm
02:41 Scout Tower
02:52 Farm
02:55 Farm
03:00 Farm
03:04 Farm
03:12 Arcane Vault
03:25 Farm
03:56 Guard Tower
04:34 Castle
05:58 Blacksmith
06:03 Blacksmith
10:21 Workshop
10:26 Barracks
10:34 Barracks
10:46 Gryphon Aviary
14:10 Town Hall
14:48 Town Hall
» items
| Boots of Speed | 5 | |
| Potion of Mana | 1 | |
| Orb of Fire | 2 | |
| Scroll of Town Portal | 2 | |
| Scroll of Protection | 2 | |
12 total
team 2 (winner)
BEAR_AND (
pink | 150 APM | 2310 actions | 15:22)
3 Archmage
2 Summon Water Elemental
1 Brilliance Aura
2 Mountain King
1 Storm Bolt
1 Thunder Clap
1 Paladin
1 Holy Light
» actions
| Assign group hotkey | 19 | |
| Basic commands | 13 | |
| Build / train | 99 | |
| Enter build submenu | 31 | |
| Enter hero's abilities submenu | 6 | |
| Give item / drop item | 2 | |
| Remove unit from queue | 2 | |
| Right click | 1516 | |
| Select / deselect | 362 | |
| Select group hotkey | 139 | |
| Use ability | 121 | |
2310 total
» units
| Peasant | 13 | |
| Priest | 1 | |
| Sorceress | 1 | |
15 total
» upgrades
| Masonry | 3 | |
| Magic Sentry | 1 | |
| Lumber Harvesting | 2 | |
| Sorceress Training | 1 | |
7 total
» buildings
| Altar of Kings | 1 | |
| Farm | 5 | |
| Lumber Mill | 1 | |
| Arcane Vault | 1 | |
| Scout Tower | 30 | |
| Arcane Tower | 7 | |
| Guard Tower | 15 | |
| Keep | 4 | |
| Arcane Sanctum | 1 | |
| Castle | 4 | |
69 total
» build order
00:07 Altar of Kings
00:19 Farm
00:32 Farm
00:35 Lumber Mill
01:20 Arcane Vault
01:23 Scout Tower
01:42 Scout Tower
01:51 Arcane Tower
01:51 Arcane Tower
02:00 Scout Tower
02:39 Guard Tower
02:39 Scout Tower
02:40 Scout Tower
03:07 Guard Tower
03:07 Guard Tower
03:26 Scout Tower
03:29 Scout Tower
03:34 Keep
03:34 Keep
03:35 Keep
03:44 Guard Tower
03:48 Scout Tower
03:49 Farm
04:15 Guard Tower
04:15 Guard Tower
04:33 Scout Tower
04:34 Scout Tower
05:27 Guard Tower
05:31 Scout Tower
05:32 Scout Tower
05:35 Scout Tower
05:36 Scout Tower
06:05 Arcane Sanctum
06:19 Castle
06:19 Castle
06:20 Castle
06:32 Guard Tower
06:43 Guard Tower
08:04 Guard Tower
08:05 Guard Tower
08:08 Farm
09:56 Farm
10:11 Scout Tower
10:11 Scout Tower
10:13 Scout Tower
10:14 Scout Tower
11:30 Arcane Tower
11:31 Scout Tower
11:32 Scout Tower
11:32 Scout Tower
12:06 Arcane Tower
12:10 Scout Tower
12:10 Scout Tower
12:11 Scout Tower
12:28 Arcane Tower
12:29 Arcane Tower
14:09 Guard Tower
14:17 Scout Tower
14:18 Scout Tower
14:18 Scout Tower
14:19 Scout Tower
14:19 Scout Tower
14:20 Scout Tower
» items
| Boots of Speed | 5 | |
| Staff of Teleportation | 7 | |
| Lesser Clarity Potion | 2 | |
| Scroll of Regeneration | 1 | |
| Staff of Sanctuary | 6 | |
21 total
Chat log
(00:09 / All) BEAR_AND: hi